 Dungeon Crawl Stone Soup version 0.21.1 (webtiles) character file.

98 RUSTLEDJIMMIES the Skirmisher (level 4, -6/41 HPs)
             Began as a Draconian Berserker on Feb 5, 2018.
             Was a Believer of Trog.
             Mangled by a gnoll
             ... wielding a +0 club
              (11 damage)
             ... on level 2 of the Dungeon.
             The game lasted 00:08:37 (878 turns).

RUSTLEDJIMMIES the Skirmisher (Draconian Berserker)  Turns: 878, Time: 00:08:38

Health: -6/41      AC:  5    Str: 19    XL:     4   Next: 44%
Magic:  4/4        EV: 13    Int:  7    God:    Trog [**....]
Gold:   82         SH:  0    Dex: 12    Spells: 3/3 levels left

rFire    . . .     SeeInvis .   a - +0 hand axe
rCold    . . .     Gourm    .   (no shield)
rNeg     . . .     Faith    .   (armour unavailable)
rPois    .         Spirit   .   (helmet restricted)
rElec    .         Reflect  .   (no cloak)
rCorr    .         Harm     .   (no gloves)
MR       .....                  (no boots)
Stlth    +.........             (no amulet)
HPRegen  0.13/turn              (no ring)
MPRegen  0.09/turn              (no ring)

@: lethally poisoned (-6 -> -7), berserk cooldown, slowed, very slow
A: unfitting armour, cold-blooded, AC +5
a: Berserk, Trog's Hand, Burn Spellbooks, Renounce Religion


You were on level 2 of the Dungeon.
You worshipped Trog.
Trog was pleased with you.
You were not hungry.

You visited 1 branch of the dungeon, and saw 2 of its levels.

You collected 82 gold pieces.

Inventory:

Hand Weapons
 a - a +0 hand axe (weapon)
Jewellery
 g - an uncursed amulet of guardian spirit {unknown}
Scrolls
 c - a scroll of teleportation
 h - 2 scrolls of identify {unknown}
 i - a scroll of fog {unknown}
Potions
 e - a potion of berserk rage {unknown}
 f - a potion of magic {unknown}
Comestibles
 b - 6 rations
 d - 3 chunks of flesh


   Skills:
 + Level 4.4 Fighting
 + Level 4.0 Axes
 + Level 3.2 Dodging
 + Level 0.1 Stealth


You had 3 spell levels left.
You didn't know any spells.

Dungeon Overview and Level Annotations

Branches:
Dungeon (2/15)

Altars:
Okawaru


Innate Abilities, Weirdness & Mutations

Your plain brown scales are hard. (AC +5)
You cannot fit into any form of body armour.
You are cold-blooded and may be slowed by cold attacks.


Message History

You hit the plant but do no damage. x2; The gnoll hits you with a club.
The gnoll closely misses you.
You completely miss the gnoll.
The gnoll is severely wounded.
You hit the plant but do no damage. You hit the plant.
You feel the effects of Trog's Hand fading.
You feel sick. The gnoll hits you with a club.
You completely miss the gnoll.
The gnoll is heavily wounded.
You hit the plant but do no damage. x2; The gnoll hits you with a club.
* * * LOW HITPOINT WARNING * * *
You feel sick. The gnoll hits you with a club.
* * * LOW HITPOINT WARNING * * *
Your skin stops crawling.
You feel less resistant to hostile enchantments.
The hobgoblin hits the plant but does no damage.
The gnoll closely misses you.
You feel sick.
Something hits the plant.
Something bites the plant.
The gnoll hits you with a club!
You die...

♣♣ ♣.♣ ♣P♣ P.♣
.♣ ♣♣♣P♣.♣ . ♣P
♣.♣ ♣.♣♣..♣ .P.
♣.♣P.♣.P♣.P♣. .
[. ♣P.♣.♣♣.♣
...♣.. _.
.PP♣g♣♣♣P.♣..P
. ♣.♣g.♣.♣.....
♣P.@.♣†..P♣P
♣♣♣♣÷...P♣
♣..♣.♣P###
#.♣.♣##.#
#.#..# ##
#.#..# ####
#######.#..####
#[.#
........>.....#
#..#
######.#####.#
#..####


You could see a gnoll and a hobgoblin.

Vanquished Creatures
  An adder (D:2)
  5 gnolls (D:2)
  2 oozes (D:1)
  2 dart slugs (D:1)
  A giant cockroach (D:2)
  3 goblins (D:1)
  5 hobgoblins
  4 jackals (D:2)
  A quokka (D:2)
  2 bats (D:1)
  A frilled lizard (D:1)
  A kobold (D:1)
  3 rats (D:1)
  2 plants (D:2)
33 creatures vanquished.

Vanquished Creatures (others)
  5 plants (D:2)
5 creatures vanquished.

Grand Total: 38 creatures vanquished

Notes
Turn   | Place    | Note
-------+----------+-------------------------------------------
     0 | D:1      | RUSTLEDJIMMIES the Draconian Berserker began the quest for the Orb.
     0 | D:1      | Reached XP level 1. HP: 19/19 MP: 1/1
   289 | D:1      | Reached XP level 2. HP: 26/26 MP: 2/2
   481 | D:1      | Reached XP level 3. HP: 25/33 MP: 3/3
   686 | D:2      | Found an iron altar of Okawaru.
   767 | D:2      | Reached ** piety under Trog
   767 | D:2      | Reached XP level 4. HP: 30/40 MP: 4/4
   878 | D:2      | Mangled by a gnoll

Skill      XL: |  1  2  3  4 |
---------------+-------------+-----
Dodging        | 3 |  3.2
Fighting       | 4 |  4.4
Axes           | 4 |  4.0
Stealth        | |  0.1

Action                   |  1- 3 |  4- 6 || total
-------------------------+-------+-------++-------
Melee: Hand axe          |    59 |    72 ||   131
       Tailslap          |     9 |    19 ||    28
Invok: Berserk           |     2 |     1 ||     3
       Trog's Hand       |       |     1 ||     1
  Use: Scroll            |     1 |       ||     1
  Eat: Chunk             |     1 |     2 ||     3
Armor: Skin              |    11 |    14 ||    25
Dodge: Dodged            |    39 |    34 ||    73
